 Dungeon Crawl Stone Soup version 0.21-a0-426-g98080a9 (webtiles) character file.

126 nikopol the Firebug (level 4, -3/24 HPs)
             Began as a Deep Elf Fire Elementalist on Nov 7, 2017.
             Killed by divine providence
             ... invoked by an orc priest
              (14 damage)
             ... on level 3 of the Dungeon.
             The game lasted 00:08:00 (1953 turns).

nikopol the Firebug (Deep Elf Fire Elementalist)    Turns: 1953, Time: 00:08:01

Health: -3/24      AC:  4    Str:  5    XL:     4   Next: 83%
Magic:  12/12      EV: 12    Int: 21    God:
Gold:   145        SH:  0    Dex: 15    Spells: 6/12 levels left

rFire    + . .     SeeInvis .   u - +0 dagger (drain)
rCold    x . .     Gourm    .   (no shield)
rNeg     . . .     Faith    .   a - +0 robe
rPois    .         Spirit   .   f - +0 helmet
rElec    .         Reflect  .   (no cloak)
rCorr    .         Harm     .   (no gloves)
MR       .....                  s - +0 pair of boots (curse)
Stlth    ++........             (no amulet)
HPRegen  0.08/turn              d - ring of flight
MPRegen  0.13/turn              o - ring of fire

@: heavily drained
A: no striking features
a: Evoke Flight


You were on level 3 of the Dungeon.
You were not hungry.

You visited 1 branch of the dungeon, and saw 3 of its levels.

You collected 145 gold pieces.

Inventory:

Hand Weapons
 u - a +0 dagger of draining (weapon)
Armour
 a - a +0 robe (worn)
 f - a +0 helmet (worn)
 s - a cursed +0 pair of boots (worn)
Jewellery
 d - a ring of flight (left hand)
 o - a ring of fire (right hand)
Scrolls
 e - a scroll of amnesia {unknown}
 g - 5 scrolls of identify {unknown}
 h - a scroll of remove curse {unknown}
 i - 2 scrolls of fear {unknown}
 p - a scroll of recharging {unknown}
Potions
 l - a potion of degeneration {unknown}
 m - 2 potions of lignification {unknown}
 n - a potion of might {unknown}
 q - a potion of curing {unknown}
 t - a potion of cancellation {unknown}
Books
 b - a book of Flames

   Spells                             Type                      Level
   a - Flame Tongue                   Conjuration/Fire             1
   b - Throw Flame                    Conjuration/Fire             2
   c - Conjure Flame                  Conjuration/Fire             3
   d - Inner Flame                    Hexes/Fire                   3
   e - Sticky Flame                   Conjuration/Fire             4
   f - Fireball                       Conjuration/Fire             5
Comestibles
 c - 3 bread rations
 j - a chunk of flesh
 k - 2 royal jellies
 r - 2 meat rations


   Skills:
 + Level 2.9(1.6) Dodging
 + Level 2.8(1.5) Stealth
 + Level 4.6(3.3) Spellcasting
 + Level 1.7(0.4) Conjurations
 + Level 4.8(3.4) Fire Magic


You had 6 spell levels left.
You knew the following spells:

 Your Spells              Type           Power        Failure   Level  Hunger
a - Flame Tongue          Conj/Fire      ###..        6%          1    None
b - Throw Flame           Conj/Fire      ###...       9%          2    ##.....
c - Conjure Flame         Conj/Fire      ###.....     17%         3    ###....


Dungeon Overview and Level Annotations

Branches:
Dungeon (3/15)

Altars:

Annotations:
D:3 kae's ghost, amateur DrTm


Message History

You see here a club.
You start resting.
Eating one of 2 chunks of flesh.
You eat one of the 2 chunks of flesh.
This raw flesh tastes terrible.
Magic restored.
You start resting.
HP restored.
There is a stone staircase leading down here.
You climb downwards.
Level annotation: kae's ghost, amateur DrTm The orc priest mumbles some strange prayers to Beogh against you.
Beogh smites you!
Ouch! That really hurt!
There is a stone staircase leading up here.
Casting: Flame Tongue
Confirm with . or Enter, or press ? or * to list all spells.
You can't see any susceptible monsters within range! (Use Z to cast anyway.)
The orc priest invokes the aid of Beogh against you.
Beogh smites you!
Ouch! That really hurt!
You die...

........<.##.#
.##.###o#....#
.....##..###.##
........o......
.......[..#####.
..........#...
###..........#
#.#........#
#.#.#....@.# #
............#
.#.###...#.###
#.#. .....#.#
#.#.... #
...#.#.# ...
#.#.# . .. #.#.#
. .


You could see an orc priest and an orc (wandering).

Vanquished Creatures
  2 gnolls (D:1)
  2 adders
  2 oozes
  2 worms (D:2)
  2 orcs
  A giant cockroach (D:1)
  11 goblins
  15 hobgoblins
  8 jackals
  2 quokkas (D:2)
  A ball python (D:1)
  9 bats
  3 frilled lizards
  4 kobolds
  3 rats
67 creatures vanquished.

Notes
Turn   | Place    | Note
-------+----------+-------------------------------------------
     0 | D:1      | nikopol the Deep Elf Fire Elementalist began the quest for the Orb.
     0 | D:1      | Reached XP level 1. HP: 10/10 MP: 6/6
   101 | D:1      | Reached XP level 2. HP: 15/15 MP: 0/8
   340 | D:1      | Reached XP level 3. HP: 19/19 MP: 6/9
   945 | D:2      | Reached XP level 4. HP: 24/24 MP: 6/11
   949 | D:2      | Learned a level 2 spell: Throw Flame
   953 | D:2      | Learned a level 3 spell: Conjure Flame
  1556 | D:3      | Noticed kae's ghost (amateur DrTm)
  1953 | D:3      | Killed from afar by an orc priest

Vault maps used:
D:1:      dpeg_arrival_boxorama
D:2:      first_bread
D:3:      cheibrodos_greedy_goblins, lemuel_doored_altar,
          nemelex_dance_club_becter

Skill      XL: |  1  2  3  4 |
---------------+-------------+-----
Fire Magic     | 4 |  4.8
Spellcasting   | 4 |  4.6
Dodging        | |  2.9
Stealth        | |  2.8
Conjurations   | |  1.7

Action                   |  1- 3 |  4- 6 || total
-------------------------+-------+-------++-------
Melee: Dagger            |       |     2 ||     2
 Cast: Flame Tongue      |    69 |    60 ||   129
       Conjure Flame     |       |     2 ||     2
       Throw Flame       |       |     2 ||     2
  Eat: Chunk             |       |     3 ||     3
Armor: Robe              |     4 |    11 ||    15
Dodge: Dodged            |    24 |    13 ||    37

Table legend:
 A = Spawn XP
 B = Non-spawn XP
 C = Spawn XP percentage of total XP
 D = Spawn monster count
 E = Non-spawn monster count
 F = Spawn count percentage of total count
 G = Total turns spent on level
                    A         B        C        D         E        F      G
               +---------+---------+-------+---------+---------+-------+---------
         Total |       0 |     180 |   0.0 |       0 |      67 |   0.0 |  1953
               +---------+---------+-------+---------+---------+-------+---------
           D:1 |       0 |      62 |   0.0 |       0 |      23 |   0.0 |   712
           D:2 |       0 |      68 |   0.0 |       0 |      25 |   0.0 |   879
           D:3 |       0 |      50 |   0.0 |       0 |      19 |   0.0 |   362
               +---------+---------+-------+---------+---------+-------+---------
